 Dungeon Crawl Stone Soup version 0.20.1-1-g8b1a95d (webtiles) character file.

4020 wnhky the Fighter (level 10, -15/136 HPs)
             Began as a Minotaur Fighter on Sept 8, 2017.
             Was an Elder of Trog.
             Killed from afar by Erica (30 damage)
             ... with a bolt of poison
             ... on level 8 of the Dungeon.
             The game lasted 00:21:10 (5999 turns).

wnhky the Fighter (Minotaur Fighter)                Turns: 5999, Time: 00:21:10

Health: -15/136    AC: 17    Str: 26    XL:     10   Next: 3%
Magic:  9/9        EV:  8    Int:  9    God:    Trog [****..]
Gold:   246        SH: 12    Dex: 18    Spells: 9/9 levels left

rFire    . . .     SeeInvis .   a - +0 long sword
rCold    . . .     Gourm    .   c - +0 shield
rNeg     . . .     Faith    .   s - +0 plate armour
rPois    .         Spirit   .   (helmet restricted)
rElec    .         Reflect  .   r - scarf {repulsion}
rCorr    .         Harm     .   x - +0 pair of gloves
MR       .....                  p - +1 pair of boots
Stlth    ..........             (no amulet)
Regen    0.4/turn               q - +5 ring of dexterity
MPRegen  0.2/turn               y - +4 ring of intelligence

@: berserking, lethally poisoned (-15 -> -23), slowed, repel missiles
A: retaliatory headbutt, horns 2
a: Berserk, Trog's Hand, Brothers in Arms, Burn Spellbooks, Renounce Religion


You were on level 8 of the Dungeon.
You worshipped Trog.
Trog was greatly pleased with you.
You were not hungry.

You visited 1 branch of the dungeon, and saw 8 of its levels.
You also visited: Ossuary.

You collected 354 gold pieces.
You spent 108 gold pieces at shops.

Inventory:

Hand Weapons
 a - a +0 long sword (weapon)
Missiles
 h - a throwing net (quivered)
Armour
 c - a +0 shield (worn)
 p - a +1 pair of boots (worn)
 r - a scarf of repulsion (worn)
 s - a +0 plate armour (worn)
 x - a +0 pair of gloves (worn)
Jewellery
 i - an uncursed amulet of harm
 q - a +5 ring of dexterity (left hand)
 y - a +4 ring of intelligence (right hand)
Scrolls
 b - 2 scrolls of recharging
 e - a scroll of identify
 g - 2 scrolls of remove curse
 j - 3 scrolls of enchant armour
 k - a scroll of teleportation
 w - a scroll of fog
 z - a scroll of magic mapping
 D - a scroll of fear
Potions
 d - a potion of resistance
 l - 7 potions of curing
 m - 6 potions of agility
 n - 3 potions of flight
 o - 3 potions of might
 t - 3 potions of ambrosia
 v - a potion of brilliance
 A - a potion of degeneration
 E - a potion of cancellation
Comestibles
 f - 3 bread rations
 u - 3 meat rations
 B - 5 royal jellies


   Skills:
 * Level 9.6 Fighting
 * Level 8.9 Long Blades
 * Level 9.0 Armour
 + Level 3.7 Dodging
 * Level 8.8 Shields


You had 9 spell levels left.
You didn't know any spells.

Dungeon Overview and Level Annotations

Branches:
Dungeon (8/15)             Temple (0/1) D:5
   Lair: D:8-11

Altars:
Trog

Shops:
D:4 [*

Annotations:
D:8 Erica


Innate Abilities, Weirdness & Mutations

You reflexively headbutt those who attack you in melee.
You have a pair of horns on your head.


Message History

* * * LOW HITPOINT WARNING * * *
Unknown command.
You slice something!! You headbutt something.
You feel sick. Something hits you.
* * * LOW HITPOINT WARNING * * *
Something burns you.
* * * LOW HITPOINT WARNING * * *
Your shield and plate armour prevent you from hitting something.
You headbutt something.
You feel sick.
You hear some strange, mumbled words.
An orb of energy appears from out of thin air!
The orb of energy hits you!
* * * LOW HITPOINT WARNING * * *
The orb of energy explodes!
You hit something. You headbutt something.
You hear some strange, mumbled words.
A bolt of poison appears from out of thin air!
The bolt of poison hits you!
You are more poisoned.
You die...

#.###..### #.#.#.#.
#.###..###.#.#.#.#
#.##...... #.#.#.#
#..#...###.#.#.#.#
###................
#.............#####
#............
##.##..##...###.#
........@#.....# #
###.###.#...##.# ..
......## ... +#
###.#.... ...
#.#.##.# .. #.#.#
.# #.#.# # .. ..


There were no monsters in sight!

Vanquished Creatures
  The ghost of gobwax the Spear-Bearer, a novice DsGl (D:8)
  A hippogriff (D:7)
  A yak (D:7)
  A human (D:7)
  3 hogs (D:7)
  2 orc warriors
  An ice beast (D:7)
  A phantom (D:4)
  4 ogres
  2 centaurs
  A bullfrog (D:5)
  A wyvern skeleton (D:8)
  3 scorpions
  4 bullfrog zombies (Ossuary)
  4 centaur zombies
  2 hounds
  2 crimson imps
  An orc priest (D:4)
  A centaur skeleton (D:4)
  22 mummies (Ossuary)
  4 orc wizards
  Crazy Yiuf (D:3)
  5 iguanas
  Terence (D:2)
  6 worker ants
  2 hound zombies (Ossuary)
  Robin (D:2)
  7 gnolls
  13 adders
  2 adder zombies
  A worm (D:2)
  3 dart slugs
  5 leopard geckos
  18 orcs
  2 ball pythons (D:2)
  11 bats
  2 giant cockroaches
  15 goblins
  19 hobgoblins
  4 jackals (D:7)
  2 quokkas (D:4)
  6 frilled lizards
  2 giant cockroach zombies (Ossuary)
  A jackal zombie (D:5)
  15 kobolds
  A quokka skeleton (D:4)
  4 rats
211 creatures vanquished.

Vanquished Creatures (others)
  A withered plant (Ossuary)
1 creature vanquished.

Grand Total: 212 creatures vanquished

Notes
Turn   | Place    | Note
-------+----------+-------------------------------------------
     0 | D:1      | wnhky the Minotaur Fighter began the quest for the Orb.
     0 | D:1      | Reached XP level 1. HP: 19/19 MP: 0/0
    75 | D:1      | Reached XP level 2. HP: 27/27 MP: 1/1
   618 | D:2      | Noticed Terence
   621 | D:2      | Killed Terence
   621 | D:2      | Reached XP level 3. HP: 33/33 MP: 2/2
   771 | D:2      | Noticed Robin
   775 | D:2      | Reached XP level 4. HP: 38/40 MP: 3/3
   788 | D:2      | Killed Robin
   915 | D:2      | Reached XP level 5. HP: 34/47 MP: 4/4
  1015 | D:2      | Found a bloodstained altar of Trog.
  1140 | D:2      | Became a worshipper of Trog the Wrathful
  1907 | D:3      | Reached skill level 5 in Fighting
  2074 | D:3      | Found a runed door.
  2235 | D:3      | Reached * piety under Trog
  2291 | D:3      | Noticed Crazy Yiuf
  2302 | D:3      | Killed Crazy Yiuf
  2302 | D:3      | Reached XP level 6. HP: 31/56 MP: 5/5
  2529 | D:3      | Reached skill level 5 in Armour
  2797 | D:4      | Reached skill level 5 in Shields
  2801 | D:4      | Noticed an orc warrior
  2809 | D:4      | Killed an orc warrior
  2809 | D:4      | Reached skill level 5 in Long Blades
  2819 | D:4      | Reached XP level 7. HP: 47/62 MP: 6/6
  2884 | D:4      | Found Ahadotz's Antique Armour Emporium.
  3110 | D:4      | Bought a pair of gloves for 108 gold pieces
  3191 | D:4      | Found Canifi's Commerce Corner.
  3331 | D:5      | Entered Level 5 of the Dungeon
  3431 | D:5      | Reached XP level 8. HP: 59/73 MP: 7/7
  3529 | D:5      | Reached ** piety under Trog
  3796 | D:5      | Found a staircase to the Ecumenical Temple.
  3977 | D:6      | Found a sand-covered staircase.
  3987 | Ossuary  | Entered an ossuary
  4003 | Ossuary  | Reached skill level 1 in Dodging
  4269 | Ossuary  | Reached *** piety under Trog
  5134 | D:7      | Reached XP level 9. HP: 82/82 MP: 8/8
  5366 | D:7      | Reached **** piety under Trog
  5853 | D:8      | Noticed gobwax's ghost (novice DsGl)
  5865 | D:8      | Killed gobwax's ghost
  5886 | D:8      | Reached XP level 10. HP: 61/91 MP: 9/9
  5980 | D:8      | Noticed Erica
  5999 | D:8      | Killed from afar by Erica

Skill      XL: |  1  2  3  4  5  6  7  8  9 10 |
---------------+-------------------------------+-----
Long Blades    | 3 4 5 6 7 8 |  8.9
Shields        | 4 5 6 7 8 |  8.8
Armour         | 4 5 6 7 8 9 |  9.0
Fighting       | 4 5 7 8 9 |  9.6
Dodging        | 2 3 |  3.7

Action                   |  1- 3 |  4- 6 |  7- 9 | 10-12 || total
-------------------------+-------+-------+-------+-------++-------
Melee: Long sword        |    52 |   199 |   426 |    28 ||   705
       Headbutt          |    13 |    26 |   116 |    11 ||   166
Invok: Burn Spellbooks   |       |     1 |       |       ||     1
       Berserk           |       |       |     3 |     1 ||     4
  Use: Potion            |       |     2 |     1 |       ||     3
       Scroll            |       |       |    17 |     4 ||    21
  Eat: Chunk             |       |     4 |     5 |       ||     9
       Bread ration      |       |     1 |     1 |       ||     2
       Meat ration       |       |       |       |     1 ||     1
Armor: Scale mail        |    26 |    57 |       |       ||    83
       Plate armour      |       |    82 |   167 |    13 ||   262
Dodge: Dodged            |    18 |    52 |    69 |     3 ||   142
       Deflected         |       |     3 |     4 |       ||     7
Block: Shield            |    22 |   127 |   231 |     6 ||   386
       Rpst.: Long sword |     5 |    12 |    19 |     1 ||    37
